Map: Daybreak LE (Void)

Players

PSiArc

  • Race: Terran Terran
  • League: Master
  • Spawn Location: 7:00

ShoWTimE - Winner!

  • Race: Protoss Protoss
  • Spawn Location: 1:00

Event: WESG 2016 Finals

VOD

Have the link to the VOD?

Description

Time

  • Played on: Jan. 13, 2017, 1:01 a.m.
  • Length: 7:11

All games in this series

Show
View Real Time Build Order
Export as new Build Order

PSiArc Terran 

Build Orders: Cyclone Opening, Reaper Expand 

Get SALT Encoding   

  12  0:00  SCV  
  13  0:13  SCV  
  14  0:18  Supply Depot  
  14  0:25  SCV  
  15  0:30  Refinery  
  15  0:39  SCV  
  16  0:45  Barracks  
  16  0:51  SCV  
  17  1:03  SCV  
  18  1:15  SCV  
  19  1:32  Orbital Command, Reaper  
  20  1:44  Command Center  
  20  1:55  Factory  
  20  1:58  SCV  
  21  2:08  Barracks Reactor  
  21  2:10  SCV, Refinery  
  22  2:16  Supply Depot  
  22  2:22  SCV  
  23  2:37  SCV  
  23  2:39  Engineering Bay  
  23  2:41  Cyclone  
  27  2:46  Marine x2  
  27  2:50  SCV  
  30  2:58  Orbital Command  
  29  3:05  Missile Turret  
  29  3:13  Marine x2  
  31  3:21  SCV  
  28  3:36  Supply Depot  
  28  3:38  Orbital Command  
  28  3:39  Cyclone  
  28  3:43  Marine x2  
  30  3:55  Supply Depot  
  30  3:58  SCV  
  27  4:15  Marine  
  27  4:16  Widow Mine, Marine  
  29  4:19  SCV  
  29  4:20  Starport  
  29  4:21  SCV  
  31  4:34  Marine x2  
  31  4:48  Widow Mine  
  31  4:50  SCV  
  31  4:58  Barracks, Viking  
  33  5:01  SCV  
  33  5:05  SCV  
  35  5:11  Supply Depot  
  35  5:15  SCV  
  35  5:18  SCV  
  37  5:26  Widow Mine  
  39  5:28  SCV  
  39  5:32  Orbital Command  
  39  5:33  Starport Reactor  
  40  5:48  Barracks Tech Lab  
  40  5:49  SCV  
  41  5:55  Barracks  
  41  5:56  Supply Depot, Barracks  
  41  6:01  SCV  
  41  6:03  Factory Reactor  
  42  6:05  SCV  
  43  6:12  Marine  
  43  6:13  SCV  
  43  6:17  SCV  
  46  6:19  Missile Turret  
  46  6:22  Supply Depot  
  46  6:25  SCV  
  47  6:29  SCV  
  48  6:34  Medivac x2  
  48  6:37  SCV  
  53  6:46  Bunker  
  47  6:49  Marauder, Marine x2, Barracks Tech Lab  
  47  6:50  SCV  
Show
View Real Time Build Order
Export as new Build Order

ShoWTimE Protoss - Winner!

Build Orders: Oracle Opening 

Get SALT Encoding   

  12  0:09  Pylon  
  12  0:13  Probe (Chrono Boost)  
  13  0:23  Probe (Chrono Boost)  
  14  0:30  Gateway  
  14  0:34  Probe (Chrono Boost)  
  15  0:41  Assimilator  
  15  0:45  Probe (Chrono Boost)  
  16  0:55  Probe (Chrono Boost), Assimilator  
  17  1:06  Probe (Chrono Boost)  
  18  1:16  Probe (Chrono Boost)  
  18  1:17  Cybernetics Core  
  19  1:27  Probe (Chrono Boost)  
  20  1:34  Pylon  
  20  1:37  Probe (Chrono Boost)  
  23  1:54  Mothership Core (Chrono Boost)  
  23  1:57  Stargate  
  23  2:04  Adept  
  25  2:12  Warp Gate  
  25  2:13  Pylon  
  26  2:16  Probe (Chrono Boost)  
  26  2:28  Probe (Chrono Boost)  
  27  2:37  Oracle  
  27  2:38  Pylon  
  27  2:40  Probe (Chrono Boost)  
  31  2:46  Adept  
  33  2:55  Probe (Chrono Boost)  
  35  3:07  Probe (Chrono Boost)  
  35  3:11  Oracle  
  35  3:17  Pylon  
  35  3:19  Probe (Chrono Boost)  
  38  3:31  Probe (Chrono Boost)  
  39  3:40  Nexus  
  39  3:43  Oracle  
  42  3:52  Pylon  
  43  3:56  Probe (Chrono Boost)  
  43  4:08  Probe (Chrono Boost)  
  42  4:20  Probe (Chrono Boost)  
  42  4:23  Twilight Council, Gateway  
  44  4:33  Probe (Chrono Boost), Gateway  
  44  4:45  Probe (Chrono Boost)  
  45  4:46  Blink  
  45  4:56  Probe (Chrono Boost)  
  45  4:57  Probe (Chrono Boost)  
  47  5:06  Probe (Chrono Boost)  
  48  5:08  Stalker  
  48  5:09  Probe (Chrono Boost)  
  48  5:12  Pylon  
  51  5:17  Probe (Chrono Boost)  
  51  5:20  Stalker  
  51  5:21  Probe (Chrono Boost)  
  55  5:27  Robotics Facility  
  55  5:31  Probe (Chrono Boost)  
  55  5:33  Probe (Chrono Boost)  
  57  5:41  Stalker x2  
  57  5:42  Probe (Chrono Boost)  
  59  5:45  Stalker  
  59  5:49  Probe (Chrono Boost)  
  62  5:52  Probe (Chrono Boost)  
  62  5:54  Assimilator  
  62  5:55  Assimilator  
  62  5:56  Pylon  
  64  6:05  Probe (Chrono Boost), Stalker  
  64  6:07  Stalker  
  68  6:12  Pylon  
  68  6:15  Warp Prism, Stalker  
  70  6:24  Pylon  
  72  6:32  Stalker x2  
  70  6:39  Stalker  
  68  6:48  Observer  
  68  6:55  Probe (Chrono Boost)  
  68  6:56  Probe (Chrono Boost)  
Tags
 
Add a new tag
Caveats
  • Supply blocks, unpowered buildings, or Contaminate may cause inaccurate times.
  • Supply counts are checked every 10 seconds.